 Dungeon Crawl Stone Soup version 0.29.1-2-gbd0b4ee654 (webtiles) character file.

Game seed: 341979475870497121

146 H0rd4k the Charlatan (level 5, -2/33 HPs)
             Began as an Octopode Artificer on Nov 4, 2022.
             Slain by Pargi (4 damage)
             ... in a sewer.
             The game lasted 00:02:50 (2381 turns).

H0rd4k the Charlatan (Octopode Artificer)           Turns: 2381, Time: 00:02:50

Health: -2/33      AC:  1    Str: 12    XL:     5   Next: 28%
Magic:  5/5        EV: 13    Int: 15    God:
Gold:   89         SH:  0    Dex: 12    Spells: 4/4 levels left

rFire   + . .      SeeInvis .     - Unarmed
rCold   x . .      Faith    .   (no shield)
rNeg    . . .      Spirit   .   (helmet restricted)
rPois   .          Reflect  .   (no amulet)
rElec   .          Harm     .   g - ring of fire
rCorr   .          Rampage  .   (no ring)
Will    .....                   (no ring)
Stlth   ++++......              (no ring)
HPRegen 0.11/turn               (no ring)
MPRegen 0.09/turn               (no ring)
                                (no ring)
                                (no ring)

@: no status effects
A: almost no armour, amphibious, 8 rings, camouflage 1, gelatinous body 1,
nimble swimmer 1, tentacles
a: no special abilities


You were in a sewer.
You visited 1 branch of the dungeon, and saw 3 of its levels.
You also visited: Sewer.

You collected 89 gold pieces.

Inventory:

Jewellery
 g - a ring of fire (left tentacle)
Wands
 b - a wand of flame (43) (quivered)
 c - a wand of charming (9)
 d - a wand of iceblast (5)
Scrolls
 h - a scroll of fear {unknown}
 i - 3 scrolls of identify {unknown}
 k - a scroll of noise {unknown}
 m - a scroll of teleportation {unknown}
 o - a scroll of immolation {unknown}
 p - a scroll of magic mapping {unknown}
Potions
 a - 3 potions of might {unknown}
 e - 3 potions of heal wounds {unknown}
 f - a potion of cancellation {unknown}
 j - a potion of ambrosia {unknown}
 l - a potion of haste {unknown}
 n - a potion of curing {unknown}


   Skills:
 + Level 1.2 Fighting
 + Level 3.2 Dodging
 - Level 1.3 Stealth
 + Level 2.3 Unarmed Combat
 + Level 4.9 Evocations


You had 4 spell levels left.
You didn't know any spells.
Your spell library contained the following spells:

 Spells                   Type           Power      Damage    Failure   Level
 Frozen Ramparts          Ice            0%         1d1       63%         3
 Ice Form                 Ice/Tmut       0%         N/A       95%         4
 Summon Ice Beast         Ice/Summ       0%         N/A       95%         4


Dungeon Overview and Level Annotations

Branches:
Dungeon (3/15)              Sewer (1/1)

Altars:

Annotations:
Sewer Pargi


Innate Abilities, Weirdness & Mutations

You cannot wear most types of armour.
You are amphibious.
You can wear up to eight rings at the same time.
Your skin changes colour to match your surroundings (Stealth+).
Your rubbery body absorbs attacks. (AC +1, EV +1)
You are camouflaged when in or above water. (Stealth+)
You have tentacles for arms and can constrict up to eight enemies at once.


Message History

You constrict the ball python. The ball python barely misses you. x2
You barely miss the ball python. You squeeze the ball python.
The ball python is severely wounded.
You constrict the ball python.
You kill the ball python!
Unknown command.
The helpless Pargi fails to defend himself.
You tentacle-slap Pargi.
Pargi is lightly wounded.
Pargi bites you. Pargi claws you. x2
You tentacle-slap Pargi. You squeeze Pargi!
Pargi is heavily wounded.
Pargi bites you! Pargi claws you. Pargi closely misses you.
Aiming: Charm
Press: ? - help, Shift-Dir - straight line, f - Pargi
Aim: Pargi (heavily wounded, chance to affect: 70%)
Okay, then.
Unknown command.
You don't have any such object.
Evoke which item? (* to show all) (? for menu, Esc to quit)
Okay, then.
Unknown command.
There's nothing to close nearby.
You tentacle-slap Pargi.
Pargi is heavily wounded.
Pargi bites you.
* * * LOW HITPOINT WARNING * * *
Pargi claws you.
* * * LOW HITPOINT WARNING * * *
Pargi claws you.
* * * LOW HITPOINT WARNING * * *
Aiming: Throw Flame
Press: ? - help, Shift-Dir - straight line, f - Pargi
Aim: Pargi (heavily wounded, 67% to hit)
The puff of flame hits Pargi!
Pargi is severely wounded.
Pargi bites you.
* * * LOW HITPOINT WARNING * * *
Pargi completely misses you. Pargi claws you.
You die...

####.≈≈≈≈≈≈≈≈≈≈#
#.≈≈≈≈≈≈≈≈≈≈#
##~~≈≈≈≈≈≈≈≈#
#.#~≈≈≈≈≈≈≈#
###..≈≈≈≈≈##
##~≈≈≈≈≈≈#
#.≈≈≈≈≈≈#
##~≈≈≈≈≈≈#
#@≈†≈≈≈≈≈#
#T≈≈≈≈≈≈≈≈≈#
#~≈≈≈≈≈≈≈≈##
~≈≈≈≈≈≈≈≈≈≈#
~≈≈≈≈≈≈≈≈≈≈##
#~≈≈≈≈≈≈≈≈≈≈#
..≈≈≈≈≈≈≈≈≈≈≈
~.≈≈≈≈≈≈≈≈≈#≈


You could see Pargi.

Vanquished Creatures
  A jelly (D:3)
  2 adders (D:3)
  A dart slug (D:3)
  2 endoplasms
  4 giant cockroaches
  7 goblins
  3 hobgoblins (D:2)
  6 jackals (D:2)
  5 kobolds
  3 ball pythons
  6 bats
  A frilled lizard (Sewer)
  2 rats
43 creatures vanquished.

Vanquished Creatures (collateral kills)
  3 adders (D:3)
  A gnoll (D:3)
  A ball python (D:3)
  2 giant cockroaches (D:3)
  A goblin (D:3)
8 creatures vanquished.

Vanquished Creatures (others)
  2 gnolls (D:3)
  An orc (D:3)
  7 fungi (D:3)
  9 plants (D:3)
  4 toadstools (D:3)
23 creatures vanquished.

Grand Total: 74 creatures vanquished

Notes
Turn   | Place    | Note
-------+----------+-------------------------------------------
     0 | D:1      | H0rd4k the Octopode Artificer began the quest for the Orb.
     0 | D:1      | Reached XP level 1. HP: 13/13 MP: 1/1
    32 | D:1      | Found a faded altar of an unknown god.
   377 | D:1      | Reached XP level 2. HP: 18/18 MP: 2/2
  1091 | D:2      | Reached skill level 4 in Evocations
  1311 | D:2      | Reached XP level 3. HP: 16/23 MP: 3/3
  2073 | D:3      | Reached skill level 1 in Unarmed Combat
  2120 | D:3      | Reached XP level 4. HP: 25/28 MP: 4/4
  2154 | D:3      | Found a glowing drain.
  2199 | D:3      | Reached XP level 5. HP: 15/33 MP: 5/5
  2220 | Sewer    | Entered a sewer
  2373 | Sewer    | Noticed Pargi
  2381 | Sewer    | Slain by Pargi

Illustrated notes

Levels and vault maps discovered:
D:1:      lemuel_arrival_lava_pool, layout_basic,
          hellmonk_ecumenical_altar_heavens_door, minmay_strange_pillars,
          grunt_decor_resistance, minivault_27, minmay_parallelograms,
          minmay_misc_feat_plants, hangedman_abyss_or_decor_lesser_grid
D:2:      layout_rooms
D:3:      layout_rooms, tgw_fedhas, gup_sewer_entry_glass
Sewer:    sewer_co_pargi_island

Skill      XL: |  1  2  3  4 |
---------------+-------------+-----
Evocations     | 4 |  4.9
Unarmed Combat | 1 2 |  2.3
Dodging        | 3 |  3.2
Fighting       | |  1.2
Stealth        | |  1.3

Action                   |  1- 3 |  4- 6 || total
-------------------------+-------+-------++-------
Melee: Unarmed           |   101 |    14 ||   115
       Constrict         |    25 |     4 ||    29
       Tentacles         |    25 |     4 ||    29
       Punch             |     2 |       ||     2
Evoke: Wand              |     1 |     7 ||     8
 Stab: Sleeping          |    11 |     2 ||    13
Armor: Skin              |     4 |       ||     4
Dodge: Dodged            |    69 |    16 ||    85
